 Dungeon Crawl Stone Soup version 0.22-a0-419-g492bfec (webtiles) character file.

149 KristoblXynda the Sneak (level 5, -3/42 HPs)
             Began as a Naga Enchanter on May 15, 2018.
             Slain by Grinder (6 damage)
             ... on level 3 of the Dungeon.
             The game lasted 00:07:17 (3189 turns).

KristoblXynda the Sneak (Naga Enchanter)            Turns: 3189, Time: 00:07:18

Health: -3/42      AC:  2    Str: 16    XL:     5   Next: 31%
Magic:  1/9        EV: 10    Int: 16    God:
Gold:   123        SH:  0    Dex: 11    Spells: 4/10 levels left

rFire    . . .     SeeInvis +   a - +1 dagger
rCold    . . .     Gourm    .   (no shield)
rNeg     . . .     Faith    .   b - +0 robe
rPois    +         Spirit   .   (no helmet)
rElec    .         Reflect  .   (no cloak)
rCorr    .         Harm     .   (no gloves)
MR       .....     Rnd*Tele +   (no barding)
Stlth    +++.......             (no amulet)
HPRegen  0.14/turn              h - ring of teleportation (curse)
MPRegen  0.11/turn              (no ring)

@: mighty, very slightly contaminated, very slow
A: large, see invisible, deformed body, poison resistance, slowness 2, slow
metabolism 1, spit poison 1, AC +1
a: Spit Poison


You were on level 3 of the Dungeon.
You were not hungry.

You visited 1 branch of the dungeon, and saw 3 of its levels.

You collected 123 gold pieces.

Inventory:

Hand Weapons
 a - a +1 dagger (weapon)
Missiles
 e - 2 throwing nets (quivered)
Armour
 b - a +0 robe (worn)
Jewellery
 h - a cursed ring of teleportation (left hand)
Scrolls
 g - a scroll of blinking
 i - a scroll of fear {unknown}
 k - a scroll of immolation {unknown}
 l - a scroll of remove curse {unknown}
 n - 2 scrolls of amnesia {unknown}
 s - a scroll of fog {unknown}
Potions
 c - a potion of flight {unknown}
 f - a potion of lignification
 j - a potion of haste {unknown}
 m - 2 potions of resistance
 o - a potion of degeneration {unknown}
 p - a potion of might
 q - a potion of curing
 r - a potion of agility {unknown}
Comestibles
 d - 5 rations
 u - 2 chunks of flesh


   Skills:
 - Level 1.0 Short Blades
 - Level 1.5 Dodging
 + Level 6.3 Stealth
 + Level 3.2 Spellcasting
 + Level 4.1 Hexes


You had 4 spell levels left.
You knew the following spells:

 Your Spells              Type           Power        Failure   Level  Hunger
a - Corona                Hex            ###....      3%          1    None
b - Ensorcelled Hibernat  Hex/Ice        #.....       12%         2    ##.....
c - Confuse               Hex            ###.....     10%         3    ###....

Your spell library contained the following spells:

 Spells                   Type           Power        Failure   Level  Hunger
 Tukima's Dance           Hex            ###.....     10%         3    ###....
 Dazzling Spray           Conj/Hex       #.....       24%         3    ###....


Dungeon Overview and Level Annotations

Branches:
Dungeon (3/15)

Altars:

Annotations:
D:3 Grinder


Innate Abilities, Weirdness & Mutations

You cannot wear boots.
Your serpentine skin is tough. (AC +1)
You have supernaturally acute eyesight. (SInv)
Armour fits poorly on your strangely shaped body.
Your system is resistant to poisons. (rPois)
You cover ground very slowly.
You have a slow metabolism.
You can spit poison.


Message History

Aiming: Confuse (safe; 10% risk of failure)
Press: ? - help, Shift-Dir - straight line, f/p - Grinder
Aim: Grinder (heavily wounded, chance to defeat MR: 46%)
You miscast Confuse.
You are very lightly contaminated with residual magic.
You feel a bit tired. Grinder hits you.
You are too injured to fight recklessly!
Unknown command.
You feel very mighty all of a sudden. Grinder hits you.
You puncture Grinder!
Grinder is severely wounded.
Grinder hits you.
* * * LOW HITPOINT WARNING * * *
You writhe in agony.
* * * LOW HITPOINT WARNING * * *
You feel better. Grinder hits you!
* * * LOW HITPOINT WARNING * * *
You writhe in agony.
You die...

#.# #.#### .....#
#.##.#############
..##.............# #
.(##############.##.#
..#... ...........#
#.#.# .######.####
)...# #@...#
#.......# #......5#.#
###.....# #.#####.# #
..#.###.# .# #.#.#
#.# .# #.#.# #.# .#
..#.# #.# .# #.#.#
#.# .# ..#.# #.#


You could see Grinder.

Vanquished Creatures
  A scorpion (D:3)
  An orc priest (D:3)
  2 adders (D:3)
  A leopard gecko (D:2)
  4 orcs (D:3)
  A ball python (D:3)
  7 giant cockroaches
  12 hobgoblins
  2 jackals (D:1)
  4 bats
  2 frilled lizards
  A goblin (D:1)
  7 kobolds
  2 rats
47 creatures vanquished.

Notes
Turn   | Place    | Note
-------+----------+-------------------------------------------
     0 | D:1      | KristoblXynda the Naga Enchanter began the quest for the Orb.
     0 | D:1      | Reached XP level 1. HP: 15/15 MP: 3/3
   422 | D:1      | Reached XP level 2. HP: 22/22 MP: 5/5
   430 | D:1      | Learned a level 2 spell: Ensorcelled Hibernation
  1148 | D:1      | Reached skill level 5 in Stealth
  1587 | D:2      | Reached XP level 3. HP: 25/28 MP: 6/6
  1592 | D:2      | Learned a level 3 spell: Confuse
  2446 | D:3      | Reached XP level 4. HP: 21/36 MP: 2/8
  3063 | D:3      | Reached skill level 6 in Stealth
  3063 | D:3      | Reached XP level 5. HP: 36/42 MP: 9/9
  3172 | D:3      | Noticed Grinder
  3189 | D:3      | Slain by Grinder

Vault maps used:
D:1:      scummos_arrival_simple_crosswalls, serial_glass, glass_columns_a,
          glass_columns_a
D:3:      first_ration, uniq_grinder

Skill      XL: |  1  2  3  4 |
---------------+-------------+-----
Stealth        | 5 6 |  6.3
Spellcasting   | 3 |  3.2
Hexes          | 4 |  4.1
Short Blades   | |  1.0
Dodging        | |  1.5

Action                   |  1- 3 |  4- 6 || total
-------------------------+-------+-------++-------
Melee: Dagger            |    92 |    62 ||   154
 Cast: Ensorcelled Hiber |     8 |     6 ||    14
       Confuse           |       |     2 ||     2
 Abil: Spit Poison       |    12 |       ||    12
  Use: Scroll            |     5 |     1 ||     6
       Potion            |     2 |     2 ||     4
 Stab: Sleeping          |    11 |     6 ||    17
       Confused          |       |     1 ||     1
  Eat: Ration            |     2 |       ||     2
Armor: Robe              |     6 |     8 ||    14
       Skin              |    16 |     4 ||    20
Dodge: Dodged            |    49 |    20 ||    69

Table legend:
 A = Spawn XP
 B = Non-spawn XP
 C = Spawn XP percentage of total XP
 D = Spawn monster count
 E = Non-spawn monster count
 F = Spawn count percentage of total count
 G = Total turns spent on level
                    A         B        C        D         E        F      G
               +---------+---------+-------+---------+---------+-------+---------
         Total |       0 |     214 |   0.0 |       0 |      47 |   0.0 |  3189
               +---------+---------+-------+---------+---------+-------+---------
           D:1 |       0 |      28 |   0.0 |       0 |      16 |   0.0 |  1479
           D:2 |       0 |      23 |   0.0 |       0 |      12 |   0.0 |   867
           D:3 |       0 |     163 |   0.0 |       0 |      19 |   0.0 |   843
               +---------+---------+-------+---------+---------+-------+---------
